 Dungeon Crawl Stone Soup version 0.30-a0-475-g03497ec522 (webtiles) character file.

Game seed: 9271146838305833986

89 HoaS the Shooter (level 4, -2/26 HPs)
             Began as a Kobold Hunter on Dec 20, 2022.
             Killed by nerve-wracking pain
             ... invoked by an orc priest
              (13 damage)
             ... on level 3 of the Dungeon.
             The game lasted 00:03:41 (1795 turns).

HoaS the Shooter (Kobold Hunter)                    Turns: 1795, Time: 00:03:42

Health: -2/26      AC:  3    Str:  8    XL:     4   Next: 84%
Magic:  4/4        EV: 14    Int: 10    God:
Gold:   112        SH:  0    Dex: 20    Spells: 3/3 levels left

rFire   . . .      SeeInvis .    a - +0 shortbow
rCold   . . .      Faith    .    (shield currently unavailable)
rNeg    . . .      Spirit   .    c - +0 leather armour
rPois   .          Reflect  .    (no helmet)
rElec   .          Harm     .    (no cloak)
rCorr   .          Rampage  .    (no gloves)
Will    .....                    (no boots)
Stlth   +++.......               (no amulet)
HPRegen 0.24/turn                (no ring)
MPRegen 0.09/turn                (no ring)

@: no status effects
A: small, no large weapons, nightstalker 3
a: no special abilities


You were on level 3 of the Dungeon.
You visited 1 branch of the dungeon, and saw 3 of its levels.

You collected 112 gold pieces.

Inventory:

Hand Weapons
 a - a +0 shortbow (weapon)
Armour
 c - a +0 leather armour (worn)
Scrolls
 b - a scroll of immolation
 d - 3 scrolls of teleportation
 e - a scroll of noise {unknown}
Potions
 f - a potion of attraction
 g - 2 potions of curing
 i - a potion of degeneration {unknown}
 j - a potion of resistance {unknown}
 k - a potion of mutation {unknown}
 m - a potion of cancellation {unknown}


   Skills:
 - Level 2.1 Fighting
 + Level 7.7 Ranged Weapons
 - Level 2.4 Dodging
 - Level 1.3 Stealth


You had 3 spell levels left.
You didn't know any spells.
Your spell library contained the following spells:

 Spells                   Type           Power      Damage    Failure   Level
 Sting                    Tmut/Pois      0%         1d3       50%         1
 Poisonous Vapours        Pois/Air       0%         N/A       63%         2
 Sublimation of Blood     Necr           0%         N/A       63%         2
 Olgreb's Toxic Radiance  Pois           0%         N/A       99%         4
 Petrify                  Tmut/Erth      0%         N/A       99%         4
 Irradiate                Conj/Tmut      0%         3d11      100%        5


Dungeon Overview and Level Annotations

Branches:
Dungeon (3/15)

Altars:

Shops:
D:1 (


Innate Abilities, Weirdness & Mutations

You are small and have problems with some larger weapons.
You are completely attuned to the shadows.


Message History

g - 2 potions of curing
As you read the scroll of identify, it crumbles to dust.
f - a potion of attraction
As you read the scroll labelled SOEVVO BA EPOL, it crumbles to dust.
Your body is wracked with pain!
It was a scroll of torment.
The air fills with toxic fumes!
As you read the scroll labelled XIPILEOJIU, it crumbles to dust.
It was a scroll of poison.
You start resting.
HP restored.
You see here a dart slug corpse.
You now have 112 gold pieces (gained 12).
You see here a dart slug corpse.
e - a scroll labelled FEFURGH JOFOO You open the door.
An orc priest comes into view. It is wielding a +0 flail.
There is an open door here.
You shoot an arrow. The arrow hits the orc priest!
The orc priest is heavily wounded.
You hear a shout! x2
You start waiting.
An orc priest is nearby!
An orc comes into view. It is wielding a +0 hand axe.
There is an open door here.
You shoot an arrow. The arrow barely misses the orc priest.
You hear a shout!
The orc barely misses you.
The orc priest hits you with a +0 flail!
You shoot an arrow.
The arrow closely misses the orc priest.
The orc priest hits you with a +0 flail.
The orc barely misses you.
An orc comes into view. It is wielding a +0 short sword.
You shoot an arrow.
The arrow closely misses the orc priest.
The orc misses you.
The orc priest mumbles some strange prayers to Beogh against you.
Pain shoots through your body!
Ouch! That really hurt!
You die...

##...##.#
#...+..#
#...#### #...#
#...# .o
.####...# ..#
........###.##
####.....#o..#
#.###.@o.8#
#+# ###...#
####


You could see an orc priest and 2 orcs.

Vanquished Creatures
  3 adders (D:2)
  A worm (D:2)
  2 dart slugs
  3 endoplasms
  A giant cockroach (D:2)
  7 goblins (D:2)
  11 hobgoblins
  5 jackals
  A quokka (D:1)
  3 ball pythons
  4 frilled lizards
  3 kobolds (D:1)
  4 rats
48 creatures vanquished.

Notes
Turn   | Place    | Note
-------+----------+-------------------------------------------
     0 | D:1      | HoaS the Kobold Hunter began the quest for the Orb.
     0 | D:1      | Reached XP level 1. HP: 12/12 MP: 1/1
    92 | D:1      | Found Rusopnam's Antique Weapon Shop.
   149 | D:1      | Found a faded altar of an unknown god.
   272 | D:1      | Reached XP level 2. HP: 17/17 MP: 2/2
   284 | D:1      | Reached skill level 6 in Ranged Weapons
   697 | D:2      | Reached XP level 3. HP: 21/21 MP: 3/3
  1075 | D:2      | Reached skill level 7 in Ranged Weapons
  1075 | D:2      | Reached XP level 4. HP: 26/26 MP: 4/4
  1795 | D:3      | Killed from afar by an orc priest

Illustrated notes

Levels and vault maps discovered:
D:1:      wander_arrival_abandoned_jail, layout_rooms, serial_shops, shop,
          nicolae_ecumenical_lake_church, hangedman_decor_opposing,
          chequers_serial_rivers_small_a
D:2:      layout_basic, kennysheep_generic_room_4
D:3:      layout_basic, nicolae_wu_jian_immortal_techniques, kennysheep_boxes

Skill      XL: |  1  2  3 |
---------------+----------+-----
Ranged Weapons | 6 7 |  7.7
Fighting       | |  2.1
Dodging        | |  2.4
Stealth        | |  1.3

Action                   |  1- 3 |  4- 6 || total
-------------------------+-------+-------++-------
 Fire: Shortbow          |    77 |    40 ||   117
  Use: Scroll            |     1 |     4 ||     5
Armor: Leather armour    |     7 |     2 ||     9
Dodge: Dodged            |    30 |    11 ||    41

Table legend: (Time is in decaauts)
 A = Elapsed time spent in this place.
 B = Non-inter-level travel time spent in this place.
 C = Inter-level travel time spent in this place.
 D = Time resting spent in this place.
 E = Time spent auto-exploring this place.
 F = Levels seen in this place.
 G = Mean time per level.
                   A        B        C        D        E       F      G
               +--------+--------+--------+--------+--------+-----+--------+
         Total |   1822 |   1748 |     74 |    194 |   1330 |   3 |  607.3 |
       Dungeon |   1822 |   1748 |     74 |    194 |   1330 |   3 |  607.3 |
               +--------+--------+--------+--------+--------+-----+--------+

Top non-repeatable levels by time:
     D:2: 1041 daAuts
     D:1: 657 daAuts
     D:3: 122 daAuts
